 Dungeon Crawl Stone Soup version 0.21-a0-380-gd65dc97 (webtiles) character file.

1577 grizmgrazm2 the Destroyer (level 8, -4/41 HPs)
             Began as a Deep Elf Conjurer on Oct 17, 2017.
             Shot with an arrow by a centaur (8 damage)
             ... on level 6 of the Dungeon.
             The game lasted 00:20:42 (5774 turns).

grizmgrazm2 the Destroyer (Deep Elf Conjurer)       Turns: 5774, Time: 00:20:42

Health: -4/41      AC:  4    Str:  5    XL:     8   Next: 60%
Magic:  14/22      EV: 13    Int: 23    God:
Gold:   315        SH:  0    Dex: 15    Spells: 21/24 levels left

rFire    + . .     SeeInvis .   d - +3 dagger
rCold    . . .     Gourm    .   (no shield)
rNeg     . . .     Faith    .   a - +0 robe
rPois    .         Spirit   .   u - +0 helmet
rElec    .         Reflect  .   w - +0 cloak
rCorr    +         Harm     .   (no gloves)
MR       .....                  (no boots)
Stlth    ++........             (no amulet)
HPRegen  0.13/turn              e - ring of protection from fire
MPRegen  0.18/turn              D - ring of resist corrosion

@: hasted, very quick
A: no striking features
a: no special abilities


You were on level 6 of the Dungeon.
You were not hungry.

You visited 1 branch of the dungeon, and saw 6 of its levels.

You collected 315 gold pieces.

Inventory:

Hand Weapons
 d - a +3 dagger (weapon)
 v - a +4 quarterstaff of chaos
Armour
 a - a +0 robe (worn)
 u - a +0 helmet (worn)
 w - a +0 cloak (worn)
Jewellery
 e - a ring of protection from fire (left hand)
 y - an uncursed ring of protection from fire
 D - a ring of resist corrosion (right hand)
Wands
 j - a wand of polymorph (14/24)
 l - a wand of iceblast (9/15)
 p - a wand of random effects (23/48)
Scrolls
 m - 2 scrolls of blinking
 t - a scroll of remove curse
 B - a scroll of amnesia {unknown}
 E - a scroll of enchant armour {unknown}
 G - a scroll of teleportation
Potions
 h - 2 potions of haste
 i - 2 potions of flight {unknown}
 n - a potion of might {unknown}
 o - a potion of lignification {unknown}
 q - a potion of cancellation {unknown}
 r - 2 potions of invisibility {unknown}
 x - a potion of agility {unknown}
 z - a potion of curing {unknown}
 A - 2 potions of mutation {unknown}
 C - a potion of ambrosia {unknown}
Books
 b - a book of Conjurations

   Spells                             Type                      Level
   a - Magic Dart                     Conjuration                  1
   b - Searing Ray                    Conjuration                  2
   c - Dazzling Spray                 Conjuration/Hexes            3
   d - Fulminant Prism                Conjuration/Hexes            4
   e - Force Lance                    Conjuration/Translocation    4
   f - Iskenderun's Mystic Blast      Conjuration                  4
 s - a book of Annihilations

   Spells                             Type                      Level
   a - Poison Arrow                   Conjuration/Poison           6
   b - Chain Lightning                Conjuration/Air              8
   c - Lehudib's Crystal Spear        Conjuration/Earth            8
   d - Glaciate                       Conjuration/Ice              9
   e - Fire Storm                     Conjuration/Fire             9
 F - a book of Maledictions

   Spells                             Type                      Level
   a - Corona                         Hexes                        1
   b - Ensorcelled Hibernation        Hexes/Ice                    2
   c - Confuse                        Hexes                        3
   d - Tukima's Dance                 Hexes                        3
   e - Dazzling Spray                 Conjuration/Hexes            3
Comestibles
 c - 2 bread rations
 f - 6 fruits
 g - 7 royal jellies
 k - 4 meat rations


   Skills:
 - Level 2.4 Dodging
 - Level 2.4 Stealth
 + Level 8.7 Spellcasting
 * Level 10.6 Conjurations


You had 21 spell levels left.
You knew the following spells:

 Your Spells              Type           Power        Failure   Level  Hunger
a - Magic Dart            Conj           ####         1%          1    None
b - Searing Ray           Conj           ######       1%          2    None


Dungeon Overview and Level Annotations

Branches:
Dungeon (6/15)
 Temple: D:4-7

Altars:


Message History

You see here an arrow.
Casting: Searing Ray
Confirm with . or Enter, or press ? or * to list all spells.
Aiming: Searing Ray
Press: ? - help, Shift-Dir - straight line, f/p - centaur
Aim: a centaur, wielding a shortbow of flaming (lightly wounded)
The searing ray hits the centaur.
The centaur is moderately wounded. (Press . to maintain the ray.)
The centaur shoots an arrow.
The arrow hits you. The arrow burns you.
* * * LOW HITPOINT WARNING * * *
The searing ray hits the centaur.
The centaur is heavily wounded.
The centaur shoots an arrow.
The arrow hits you!
* * * LOW HITPOINT WARNING * * *
The arrow burns you.
* * * LOW HITPOINT WARNING * * *
The centaur shoots an arrow.
The arrow closely misses you.
You feel yourself speed up.
The centaur shoots an arrow.
The arrow hits you!
You die...

#. #...###
#.# .
........##.#
............#
.....###.##.#
........#
.###.##.# 5.
#.##.#
#.c###.##.#
#.....@...#
#..###.####
#.# ..# ##.#
..# ###


You could see a centaur.

Vanquished Creatures
  5 ogres
  A bullfrog (D:6)
  A howler monkey (D:5)
  3 crimson imps
  2 bullfrog skeletons
  2 hounds (D:4)
  5 orc priests
  3 centaur skeletons
  Crazy Yiuf (D:3)
  3 orc wizards
  Ijyb (D:3)
  Natasha (D:2)
  2 iguanas
  3 worker ants (D:6)
  A hound zombie (D:5)
  A howler monkey zombie (D:5)
  8 gnolls
  11 adders
  A shadow imp (D:5)
  2 worms
  A dart slug (D:1)
  4 leopard geckos
  17 orcs
  A ball python (D:2)
  6 bats
  10 giant cockroaches
  8 goblins
  7 hobgoblins
  6 jackals (D:1)
  4 kobolds
  6 frilled lizards
  A quokka zombie (D:5)
  5 rats
133 creatures vanquished.

Notes
Turn   | Place    | Note
-------+----------+-------------------------------------------
     0 | D:1      | grizmgrazm2 the Deep Elf Conjurer began the quest for the Orb.
     0 | D:1      | Reached XP level 1. HP: 10/10 MP: 6/6
    99 | D:1      | Reached XP level 2. HP: 11/15 MP: 1/8
   169 | D:1      | Learned a level 2 spell: Searing Ray
   327 | D:1      | Reached skill level 5 in Conjurations
   607 | D:1      | Reached XP level 3. HP: 19/19 MP: 6/10
  1156 | D:2      | Noticed Natasha
  1163 | D:2      | Killed Natasha
  1163 | D:2      | Reached XP level 4. HP: 24/24 MP: 7/12
  1365 | D:2      | Reached skill level 6 in Conjurations
  1925 | D:2      | Reached XP level 5. HP: 28/28 MP: 9/14
  2183 | D:3      | Reached skill level 5 in Spellcasting
  2360 | D:3      | Noticed Ijyb
  2371 | D:3      | Killed Ijyb
  2536 | D:3      | Found a runed door.
  2540 | D:3      | Noticed Crazy Yiuf
  2543 | D:3      | Killed Crazy Yiuf
  2543 | D:3      | Reached skill level 7 in Conjurations
  2589 | D:3      | Reached XP level 6. HP: 22/32 MP: 11/16
  3429 | D:4      | Reached skill level 8 in Conjurations
  3429 | D:4      | Reached XP level 7. HP: 36/36 MP: 10/18
  4457 | D:5      | Entered Level 5 of the Dungeon
  4463 | D:5      | Reached skill level 9 in Conjurations
  4897 | D:5      | Reached XP level 8. HP: 41/41 MP: 13/21
  5257 | D:6      | Reached skill level 10 in Conjurations
  5774 | D:6      | Shot with an arrow by a centaur

Vault maps used:
D:1:      erik_arrival_blinker_ship
D:2:      minmay_misc_feat_five, uniq_natasha
D:3:      first_bread, nrook_mini_vaults, minmay_misc_feat_tiny, minivault_24,
          serial_bayou_crossing, uniq_crazy_yiuf_cottage, uniq_ijyb
D:4:      cheibrodos_old_hovel
D:6:      uniq_grinder, uniq_blork_the_orc, uniq_duvessa, uniq_eustachio

Skill      XL: |  1  2  3  4  5  6  7  8 |
---------------+-------------------------+-----
Conjurations   | 5 6 7 8 9 10 | 10.6
Spellcasting   | 4 5 6 7 8 |  8.7
Dodging        | |  2.4
Stealth        | |  2.4

Action                   |  1- 3 |  4- 6 |  7- 9 || total
-------------------------+-------+-------+-------++-------
Melee: Unarmed           |     1 |       |       ||     1
 Cast: Magic Dart        |    59 |   114 |   121 ||   294
       Searing Ray       |     3 |    12 |    17 ||    32
  Use: Scroll            |       |     9 |     3 ||    12
       Potion            |       |       |     2 ||     2
  Eat: Fruit             |     1 |       |       ||     1
       Chunk             |       |     7 |     2 ||     9
       Bread ration      |       |       |     1 ||     1
Armor: Robe              |       |     4 |     8 ||    12
Dodge: Dodged            |    20 |    20 |    20 ||    60

Table legend:
 A = Spawn XP
 B = Non-spawn XP
 C = Spawn XP percentage of total XP
 D = Spawn monster count
 E = Non-spawn monster count
 F = Spawn count percentage of total count
 G = Total turns spent on level
                    A         B        C        D         E        F      G
               +---------+---------+-------+---------+---------+-------+---------
         Total |       0 |    2253 |   0.0 |       0 |     133 |   0.0 |  5774
               +---------+---------+-------+---------+---------+-------+---------
           D:1 |       0 |      59 |   0.0 |       0 |      32 |   0.0 |   993
           D:2 |       0 |     150 |   0.0 |       0 |      23 |   0.0 |  1045
           D:3 |       0 |     205 |   0.0 |       0 |      14 |   0.0 |   870
           D:4 |       0 |     743 |   0.0 |       0 |      25 |   0.0 |  1549
           D:5 |       0 |     559 |   0.0 |       0 |      20 |   0.0 |   763
           D:6 |       0 |     537 |   0.0 |       0 |      19 |   0.0 |   554
               +---------+---------+-------+---------+---------+-------+---------
